 Dungeon Crawl Stone Soup version 0.30-a0-534-gdc55766716 (webtiles) character file.

Game seed: 4503880309740408104

864 hikkokomori the Slasher (level 8, -5/49 HPs)
             Began as a Tengu Warper on Dec 25, 2022.
             Slain by a killer bee (6 damage)
             ... on level 5 of the Dungeon.
             The game lasted 00:08:13 (2941 turns).

hikkokomori the Slasher (Tengu Warper)              Turns: 2941, Time: 00:08:14

Health: -5/49      AC:  3    Str:  9 (12) XL:     8   Next: 3%
Magic:  12/12      EV: 13    Int: 11 (13) God:
Gold:   351        SH:  8    Dex: 14 (16) Spells: 9/11 levels left

rFire   . . .      SeeInvis .    l - +0 dagger (speed)
rCold   . . .      Faith    .    i - +0 buckler
rNeg    . . .      Spirit   .    b - +0 leather armour
rPois   .          Reflect  +    (helmet restricted)
rElec   .          Harm     .    (no cloak)
rCorr   .          Rampage  .    (no gloves)
Will    .....                    (boots unavailable)
Stlth   ++                       k - amulet of reflection
HPRegen 0.28/turn                (no ring)
MPRegen 0.13/turn                (no ring)

@: lethally poisoned (-5 -> -11), flying quickly and evasively, quick
A: beak, talons 3, nimble flight
a: no special abilities


You were on level 5 of the Dungeon.
You visited 1 branch of the dungeon, and saw 5 of its levels.

You collected 351 gold pieces.

Inventory:

Hand Weapons
 a - a +0 falchion
 l - a +0 dagger of speed (weapon)
Missiles
 d - 7 boomerangs of dispersal (quivered)
Armour
 b - a +0 leather armour (worn)
 i - a +0 buckler (worn)
Jewellery
 k - an amulet of reflection (around neck)
 y - an amulet of magic regeneration
Wands
 x - a wand of flame (6)
Scrolls
 c - a scroll of blinking
 f - a scroll of torment {unknown}
 h - a scroll of brand weapon {unknown}
 j - 4 scrolls of teleportation
 m - a scroll of summoning {unknown}
 p - 2 scrolls of vulnerability {unknown}
 q - a scroll of magic mapping {unknown}
 u - a scroll of enchant armour {unknown}
 v - a scroll of identify {unknown}
Potions
 e - 2 potions of might {unknown}
 g - 3 potions of curing
 n - a potion of heal wounds {unknown}
 o - a potion of cancellation {unknown}
 r - a potion of flight {unknown}
 s - a potion of attraction {unknown}
 t - a potion of mutation {unknown}
 w - a potion of degeneration
 z - a potion of resistance {unknown}


   Skills:
 + Level 5.0 Fighting
 + Level 5.5 Long Blades
 - Level 1.0 Throwing
 - Level 1.1 Armour
 - Level 2.1 Dodging
 + Level 3.3 Stealth
 - Level 2.0 Spellcasting
 + Level 4.6 Translocations


You had 9 spell levels left.
You knew the following spells:

 Your Spells              Type           Power      Damage    Failure   Level
a - Blink                 Tloc           22%        N/A       13%         2

Your spell library contained the following spells:

 Spells                   Type           Power      Damage    Failure   Level
 Lesser Beckoning         Tloc           22%        N/A       26%         3
 Teleport Other           Tloc           11%        N/A       26%         3
 Portal Projectile        Hex/Tloc       12%        N/A       54%         3
 Vhi's Electric Charge    Tloc/Air       12%        N/A       54%         3
 Ensorcelled Hibernation  Hex/Ice        2%         N/A       63%         2
 Manifold Assault         Tloc           11%        N/A       63%         4
 Spider Form              Tmut/Pois      1%         N/A       86%         3
 Tukima's Dance           Hex            1%         N/A       86%         3
 Anguish                  Hex/Necr       0%         N/A       99%         4
 Blade Hands              Tmut           0%         N/A       100%        5


Dungeon Overview and Level Annotations

Branches:
Dungeon (5/15)
 Temple: D:4-7

Altars:
Elyvilon
Gozag
Yredelemnul

Annotations:
D:4 Sigmund


Innate Abilities, Weirdness & Mutations

You have a beak for a mouth.
You have claws for feet.
Your magical nature lets you fly swiftly and evasively.


Message History

The scorpion is lightly wounded.
You feel sick. The scorpion stings you. The killer bee barely misses you.
You hit the scorpion but do no damage. You claw the scorpion.
The scorpion is lightly wounded.
The killer bee barely misses you.
You hit the scorpion.
The scorpion is moderately wounded.
You feel sick. The scorpion misses you. The killer bee barely misses you.
You hit the scorpion but do no damage. Your kick misses the scorpion.
The scorpion is moderately wounded.
You block the scorpion's attack. The killer bee barely misses you.
You hit the scorpion but do no damage. You claw the scorpion!
The scorpion is severely wounded.
You feel sick. The killer bee stings you! The scorpion stings you.
You completely miss the scorpion.
The scorpion is severely wounded.
The killer bee stings you!
* * * LOW HITPOINT WARNING * * *
You are more poisoned.
The killer bee poisons you!
You barely miss the scorpion. You claw the scorpion.
You kill the scorpion!
You feel sick. The killer bee completely misses you.
The killer bee closely misses you.
Your Fighting skill increases to level 5!
You have reached level 8!
You feel agile.
It was a potion of curing.
You feel better. The killer bee stings you!
* * * LOW HITPOINT WARNING * * *
The killer bee stings you!
* * * LOW HITPOINT WARNING * * *
You are lethally poisoned!
The killer bee poisons you!
Unknown command.
It was a potion of degeneration.
There was something very wrong with that liquid.
You feel weakened.
You feel dopey.
You feel clumsy.
* * * LOW HITPOINT WARNING * * *
You feel sick. You block the killer bee's attack. The killer bee stings you.
You die...

#.. ##.....##
#..####..#.###
#....#..##.# .#
#...###.# ...
##..###.# ....
#....#.. .....
#....###
....5y##....###
....yyy@†.......
#########........
#........
#........
#........
#........ ....(..


You could see 4 killer bees and a shadow imp.

Vanquished Creatures
  A water moccasin (D:5)
  A black bear (D:5)
  A phantom (D:5)
  2 necrophages (D:5)
  4 scorpions (D:5)
  A howler monkey (D:3)
  A hound (D:5)
  Jessica (D:2)
  Terence (D:3)
  Robin (D:2)
  2 adders (D:3)
  4 worms (D:3)
  A dart slug (D:2)
  An orc (D:3)
  4 ball pythons
  4 endoplasms
  4 giant cockroaches
  14 goblins
  9 hobgoblins
  7 jackals
  3 quokkas
  3 bats
  3 frilled lizards (D:2)
  4 kobolds
  5 rats
82 creatures vanquished.

Vanquished Creatures (others)
  A fungus (D:5)
  3 toadstools (D:5)
4 creatures vanquished.

Grand Total: 86 creatures vanquished

Notes
Turn   | Place    | Note
-------+----------+-------------------------------------------
     0 | D:1      | hikkokomori the Tengu Warper began the quest for the Orb.
     0 | D:1      | Reached XP level 1. HP: 12/12 MP: 4/4
   226 | D:1      | Reached XP level 2. HP: 12/17 MP: 6/6
   773 | D:2      | Reached XP level 3. HP: 20/22 MP: 7/7
   780 | D:2      | Noticed Robin
   798 | D:2      | Killed Robin
   953 | D:2      | Noticed Jessica
  1045 | D:2      | Reached XP level 4. HP: 19/27 MP: 8/8
  1054 | D:2      | Learned a level 2 spell: Blink
  1171 | D:2      | Found an opulent altar of Gozag.
  1235 | D:2      | Killed Jessica
  1291 | D:3      | Found a basalt altar of Yredelemnul.
  1551 | D:3      | Gained mutation: Your magical nature lets you fly swiftly
                  | and evasively. [Tengu growth]
  1551 | D:3      | Reached XP level 5. HP: 32/32 MP: 9/9
  1743 | D:3      | Noticed Terence
  1759 | D:3      | Killed Terence
  2222 | D:4      | Found a white marble altar of Elyvilon.
  2254 | D:4      | Noticed Sigmund
  2303 | D:5      | Entered Level 5 of the Dungeon
  2352 | D:5      | Reached XP level 6. HP: 38/38 MP: 10/10
  2377 | D:5      | Noticed a water moccasin
  2404 | D:5      | Killed a water moccasin
  2405 | D:5      | Reached skill level 1 in Stealth
  2415 | D:5      | Reached XP level 7. HP: 11/43 MP: 11/11
  2637 | D:5      | Reached skill level 5 in Long Blades
  2940 | D:5      | Reached skill level 5 in Fighting
  2940 | D:5      | Reached XP level 8. HP: 12/49 MP: 12/12
  2941 | D:5      | HP: 1/49 [poisoned by a killer bee]
  2941 | D:5      | Slain by a killer bee

Illustrated notes

Levels and vault maps discovered:
D:1:      amcnicky_arrival_choice, layout_rooms, hangedman_decor_riveting,
          minmay_strange_pillars, palyth_stone_intersect
D:2:      layout_rooms, basic_altar, dreamdust_princess_bridge, minmay_domino_4,
          uniq_robin, uniq_jessica
D:3:      layout_basic, lemuel_round_altar, minmay_misc_feat_rugged,
          uniq_terence
D:4:      layout_layer_cave, elyvilon_altar_4, fountainhead, uniq_sigmund
D:5:      layout_basic, minmay_gold_behind_fungi, grunt_ministairs_15,
          kennysheep_generic_room_13

Skill      XL: |  1  2  3  4  5  6  7 |
---------------+----------------------+-----
Long Blades    | 3 4 5 |  5.5
Translocations | 3 4 |  4.6
Fighting       | 3 4 5 |  5.0
Stealth        | 2 3 |  3.3
Throwing       | |  1.0
Armour         | |  1.1
Dodging        | |  2.1
Spellcasting   | |  2.0

Action                   |  1- 3 |  4- 6 |  7- 9 || total
-------------------------+-------+-------+-------++-------
Melee: Falchion          |    73 |       |       ||    73
       Kick              |    20 |    59 |    33 ||   112
       Peck              |    13 |    39 |    14 ||    66
       Dagger            |    13 |   154 |    81 ||   248
Evoke: Wand              |       |     2 |     2 ||     4
  Use: Scroll            |     2 |       |       ||     2
       Potion            |       |       |     2 ||     2
 Stab: Sleeping          |       |     1 |     1 ||     2
Armor: Leather armour    |    18 |    11 |     3 ||    32
Dodge: Dodged            |    48 |    44 |    28 ||   120
Block: Buckler           |    15 |    35 |    27 ||    77

Table legend: (Time is in decaauts)
 A = Elapsed time spent in this place.
 B = Non-inter-level travel time spent in this place.
 C = Inter-level travel time spent in this place.
 D = Time resting spent in this place.
 E = Time spent auto-exploring this place.
 F = Levels seen in this place.
 G = Mean time per level.
                   A        B        C        D        E       F      G
               +--------+--------+--------+--------+--------+-----+--------+
         Total |   2786 |   2730 |     56 |    273 |   1796 |   5 |  557.2 |
       Dungeon |   2786 |   2730 |     56 |    273 |   1796 |   5 |  557.2 |
               +--------+--------+--------+--------+--------+-----+--------+

Top non-repeatable levels by time:
     D:3: 840 daAuts
     D:1: 723 daAuts
     D:2: 575 daAuts
     D:5: 563 daAuts
     D:4: 83 daAuts
